 Dungeon Crawl Stone Soup version 0.27-a0-1591-gc56fcc985a (webtiles) character file.

Game seed: 5883447316381310939

11092 duskshroud the Grappler (level 11, -8/111 HPs)
             Began as a Troll Monk on July 20, 2021.
             Was a Believer of Ru.
             Mangled by an eight-headed hydra (13 damage)
             ... on level 2 of the Lair of Beasts.
             The game lasted 00:40:03 (9593 turns).

duskshroud the Grappler (Troll Monk)                Turns: 9593, Time: 00:40:04

Health: -8/111     AC: 10    Str: 21    XL:     11   Next: 44%
Magic:  10/10      EV: 15    Int:  6    God:    Ru [**....]
Gold:   636        SH: 15    Dex: 15    Spells: 10/10 levels left

rFire    . . .     SeeInvis .   d - +1 whip (elec)
rCold    . . .     Faith    .   J - +0 kite shield
rNeg     . . .     Spirit   .   I - +0 acid dragon scales
rPois    .         Reflect  +   q - +1 hat
rElec    .         Harm     .   y - +0 cloak
rCorr    +         Rampage  .   (gloves unavailable)
Will     .....                  (boots unavailable)
Stlth    +.........             O - amulet of reflection
HPRegen  1.28/turn              H - +4 ring of evasion
MPRegen  0.12/turn              (no ring)

@: no status effects
A: large, unfitting armour, claws 3, regeneration 1, shaggy fur 1, tough skin 1,
hated by all
a: Renounce Religion


You were on level 2 of the Lair of Beasts.
You worshipped Ru.
Ru was pleased with you.
You visited 2 branches of the dungeon, and saw 12 of its levels.
You also visited: Sewer.

You collected 636 gold pieces.

Inventory:

Hand Weapons
 d - a +1 whip of electrocution (weapon)
 u - a +0 flail of venom
 F - a +0 whip of electrocution
 L - a +5 flail
Missiles
 a - a throwing net
 b - 61 poisoned darts (quivered)
 e - 3 javelins
Armour
 q - a +1 hat (worn)
 y - a +0 cloak (worn)
 I - +0 acid dragon scales (worn)
 J - a +0 kite shield (worn)
Jewellery
 o - a ring of ice
 H - a +4 ring of evasion (left claw)
 K - a ring of flight
 O - an amulet of reflection (around neck)
Wands
 m - a wand of flame (37)
 M - a wand of iceblast (18)
Scrolls
 h - 4 scrolls of enchant weapon {unknown}
 i - 2 scrolls of holy word {unknown}
 n - a scroll of torment {unknown}
 A - a scroll of vulnerability {unknown}
 D - 4 scrolls of fear {unknown}
 E - 3 scrolls of immolation
 Q - a scroll of enchant armour {unknown}
 R - 4 scrolls of teleportation
Potions
 c - 3 potions of flight
 f - a potion of attraction
 g - 6 potions of curing
 j - 2 potions of brilliance {unknown}
 k - 6 potions of might
 l - 2 potions of cancellation {unknown}
 p - 2 potions of lignification {unknown}
 r - 3 potions of heal wounds
 s - 5 potions of degeneration
 v - 2 potions of ambrosia {unknown}
 w - 4 potions of haste
 x - 2 potions of magic {unknown}
 z - 2 potions of mutation {unknown}
 C - 3 potions of invisibility


   Skills:
 - Level 8.0 Fighting
 - Level 2.1 Armour
 - Level 6.0 Dodging
 - Level 1.0 Stealth
 * Level 7.2 Shields
 - Level 11.0 Unarmed Combat
 + Level 2.7 Evocations


You had 10 spell levels left.
You didn't know any spells.
Your spell library contained the following spells:

 Spells                   Type           Power      Damage    Failure   Level
 Ensorcelled Hibernation  Hex/Ice        0%         N/A       80%         2
 Poisonous Vapours        Pois/Air       0%         N/A       80%         2
 Static Discharge         Conj/Air       0%         N/A       80%         2
 Frozen Ramparts          Ice            0%         1d2       95%         3
 Mephitic Cloud           Conj/Pois/Air  0%         N/A       95%         3
 Ozocubu's Armour         Ice            0%         N/A       95%         3
 Spider Form              Tmut/Pois      0%         N/A       95%         3
 Stone Arrow              Conj/Erth      0%         3d7       95%         3
 Ice Form                 Ice/Tmut       0%         N/A       100%        4
 Freezing Cloud           Conj/Ice/Air   0%         6-21      100%        5
 Lightning Bolt           Conj/Air       0%         1d11      100%        5
 Metabolic Englaciation   Hex/Ice        0%         N/A       100%        5
 Lehudib's Crystal Spear  Conj/Erth      0%         10d2      100%        8
 Maxwell's Capacitive Co  Air            0%         ∞         100%        8
 Animate Armour           Summ/Erth      Unusable   N/A       N/A         4
 Summon Ice Beast         Ice/Summ       Unusable   N/A       N/A         4
 Shadow Creatures         Summ           Unusable   N/A       N/A         6
 Simulacrum               Ice/Necr       Unusable   N/A       N/A         6

Dungeon Overview and Level Annotations

Branches:
Dungeon (10/15)            Temple (0/1) D:6            Lair (2/6) D:9
  Sewer (visited)
  Swamp: Lair:2-4    Shoals: Lair:2-4     Snake: Lair:2-4    Spider: Lair:2-4
    Orc: D:9-12

Altars:
Fedhas
Hepliaklqana
Qazlal
Ru
Vehumet
Yredelemnul

Shops:
D:7 (

Annotations:
D:8 1 runed translucent door, Maurice; hatdisgam's ghost, novice GnHu


Innate Abilities, Weirdness & Mutations

You are too large for most types of armour.
You have claws for hands.
Your natural rate of healing is unusually fast.
You are covered in fur. (AC +1)
You have tough skin. (AC +1)
You are hated by all.


Message History

The eight-headed hydra misses you.
You block the eight-headed hydra's attack.
The eight-headed hydra bites you but does no damage. x3
You hit the eight-headed hydra.
The eight-headed hydra is lightly wounded.
The eight-headed hydra bites you!
You block the eight-headed hydra's attack. x3
The eight-headed hydra barely misses you. x2
The eight-headed hydra bites you but does no damage.
You block the eight-headed hydra's attack.
You hit the eight-headed hydra.
Lightning courses through the eight-headed hydra!
The eight-headed hydra is moderately wounded.
You block the eight-headed hydra's attack.
The eight-headed hydra bites you.
You block the eight-headed hydra's attack.
The eight-headed hydra bites you but does no damage.
The eight-headed hydra barely misses you.
You block the eight-headed hydra's attack.
The eight-headed hydra bites you! The eight-headed hydra bites you.
You hit the eight-headed hydra.
The eight-headed hydra is moderately wounded.
The eight-headed hydra bites you!
You block the eight-headed hydra's attack.
The eight-headed hydra bites you but does no damage.
The eight-headed hydra closely misses you.
You block the eight-headed hydra's attack.
The eight-headed hydra completely misses you.
The eight-headed hydra barely misses you.
You block the eight-headed hydra's attack. x2
The eight-headed hydra bites you!
* * * LOW HITPOINT WARNING * * *
The eight-headed hydra closely misses you.
The eight-headed hydra bites you!
* * * LOW HITPOINT WARNING * * *
The eight-headed hydra barely misses you.
The eight-headed hydra bites you!
* * * LOW HITPOINT WARNING * * *
The eight-headed hydra bites you!
You die...

..............
..#P.#........P
..###..#####P## . .##
##..# ## .. ..####.####
... ..##.P..#.### ####
....
............####÷.#.....
...............<........
...............D@......$
........................
..........†.............
..............###P####.#
...............# ## #
..........>[..##
..............#
..#............#
.####.........##


You could see an eight-headed hydra.

Vanquished Creatures
  A two-headed ogre (D:9)
  A centaur warrior (D:8)
  Erica (D:8)
  Pikel (D:6)
  A lindwurm (Lair:2)
  A harpy (shapeshifter) (D:8)
  A cane toad (Lair:1)
  Maggie (D:8)
  A troll (D:8)
  Sigmund (D:3)
  2 basilisks (Lair:1)
  4 yaks
  A steam dragon (D:8)
  Edmund (D:4)
  An acid dragon (D:8)
  9 water moccasins
  Duvessa (D:6)
  6 black bears
  A sky beast (D:6)
  2 orc warriors
  An ice beast (D:5)
  6 centaurs
  3 necrophages
  4 ogres (D:6)
  3 phantoms
  2 kobold brigands (Sewer)
  3 bullfrogs
  A gnoll sergeant (D:5)
  Dowan (D:6)
  4 scorpions
  A water moccasin zombie (D:5)
  7 killer bees
  4 wights (D:7)
  2 howler monkeys
  An electric eel (D:6)
  A bullfrog zombie (D:5)
  A centaur zombie (D:7)
  3 hounds
  A jelly (D:8)
  2 bullfrog skeletons
  5 orc priests
  An iguana (D:5)
  2 gnoll shamans
  8 orc wizards
  12 gnolls
  14 adders
  2 howler monkey skeletons
  6 river rats (Sewer)
  A shadow imp (D:5)
  A white imp (D:7)
  An ufetubus (D:4)
  27 orcs
  8 endoplasms
  3 giant cockroaches
  8 goblins
  7 hobgoblins
  13 jackals
  5 quokkas
  8 ball pythons
  2 bats
  5 frilled lizards (D:2)
  19 kobolds
  22 rats
269 creatures vanquished.

Vanquished Creatures (others)
  A ball python (Sewer)
  5 fungi
  9 plants
15 creatures vanquished.

Grand Total: 284 creatures vanquished

Notes
Turn   | Place    | Note
-------+----------+-------------------------------------------
     0 | D:1      | duskshroud the Troll Monk began the quest for the Orb.
     0 | D:1      | Reached XP level 1. HP: 22/22 MP: 0/0
   167 | D:1      | Reached XP level 2. HP: 29/29 MP: 1/1
   425 | D:1      | Found a faded altar of an unknown god.
   768 | D:2      | Reached skill level 4 in Unarmed Combat
   894 | D:2      | Reached XP level 3. HP: 36/36 MP: 2/2
  1347 | D:3      | Reached skill level 5 in Unarmed Combat
  1347 | D:3      | Reached XP level 4. HP: 44/44 MP: 3/3
  1648 | D:3      | Noticed Sigmund
  1687 | D:3      | Killed Sigmund
  1688 | D:3      | Reached skill level 6 in Unarmed Combat
  1688 | D:3      | Reached XP level 5. HP: 49/50 MP: 4/4
  1688 | D:3      | Reached XP level 6. HP: 58/59 MP: 5/5
  2015 | D:4      | Reached skill level 7 in Unarmed Combat
  2150 | D:4      | Noticed Edmund
  2162 | D:4      | Killed Edmund
  2389 | D:4      | Reached skill level 8 in Unarmed Combat
  2585 | D:4      | Found a sacrificial altar of Ru.
  2638 | D:4      | Became a worshipper of Ru the Awakened
  2642 | D:4      | Gained mutation: You are hated by all. [Ru sacrifice]
  2642 | D:4      | Reached * piety under Ru
  2642 | D:4      | Reached ** piety under Ru
  2681 | D:4      | Reached XP level 7. HP: 65/66 MP: 6/6
  2915 | D:5      | Entered Level 5 of the Dungeon
  3082 | D:5      | Found a glowing drain.
  3091 | Sewer    | Entered a sewer
  3211 | Sewer    | Reached skill level 9 in Unarmed Combat
  3416 | Sewer    | Reached XP level 8. HP: 68/76 MP: 7/7
  3777 | D:4      | Reached skill level 10 in Unarmed Combat
  4152 | D:6      | Noticed Pikel
  4164 | D:6      | Killed Pikel
  4165 | D:6      | Reached skill level 5 in Fighting
  4165 | D:6      | Reached skill level 11 in Unarmed Combat
  4165 | D:6      | Reached XP level 9. HP: 41/89 MP: 8/8
  4644 | D:6      | Found a staircase to the Ecumenical Temple.
  4788 | D:6      | Noticed Duvessa
  4788 | D:6      | Noticed Dowan
  4793 | D:6      | Killed Duvessa
  4805 | D:6      | Killed Dowan
  4980 | D:7      | Reached skill level 1 in Armour
  5000 | D:7      | Found a radiant altar of Vehumet.
  5203 | D:7      | Found Baceu's Antique Weapon Shop.
  5480 | D:7      | Reached XP level 10. HP: 104/104 MP: 9/9
  5902 | D:8      | Found a runed translucent door.
  5903 | D:8      | Noticed hatdisgam's ghost (novice GnHu)
  5903 | D:8      | Noticed a centaur warrior
  6042 | D:8      | Reached skill level 1 in Shields
  6359 | D:8      | Noticed Maurice
  6361 | D:8      | Noticed a centaur warrior
  6472 | D:8      | Found a stormy altar of Qazlal.
  6559 | D:8      | Noticed Maggie
  6574 | D:8      | Noticed Erica
  6579 | D:8      | Killed Maggie
  6597 | D:8      | Killed Erica
  6598 | D:8      | Reached skill level 5 in Dodging
  7005 | D:8      | Noticed a harpy
  7019 | D:8      | Killed a harpy
  7030 | D:8      | Killed a centaur warrior
  7031 | D:8      | Reached skill level 5 in Shields
  7479 | D:9      | Noticed a two-headed ogre
  7647 | D:9      | Found a staircase to the Lair.
  7789 | D:9      | Reached XP level 11. HP: 101/111 MP: 10/10
  7890 | D:9      | Noticed a two-headed ogre
  7899 | D:9      | Killed a two-headed ogre
  7900 | D:9      | Reached skill level 1 in Evocations
  8375 | D:10     | Entered Level 10 of the Dungeon
  8477 | D:10     | Noticed a boulder beetle
  8518 | Lair:1   | Entered Level 1 of the Lair of Beasts
  9352 | Lair:2   | Noticed a lindwurm
  9391 | Lair:2   | HP: 4/111 [lindwurm (3)]
  9392 | Lair:2   | Killed a lindwurm
  9536 | Lair:2   | Noticed an eight-headed hydra
  9593 | Lair:2   | HP: 5/111 [eight-headed hydra (10)]
  9593 | Lair:2   | Mangled by an eight-headed hydra

Illustrated notes

Levels and vault maps discovered:
D:1:      beargit_arrival_greenhouse, layout_basic,
          hellmonk_ecumenical_altar_leap_of_faith, corexii_leaking_fountain
D:2:      layout_rooms, grunt_ministairs_1
D:3:      layout_loops_ring, uniq_sigmund
D:4:      minmay_chambers_of_twos, layout_cave_pools, nicolae_ru_path_of_blood,
          hangedman_decor_riveting, serial_bayou_ford_a, minmay_misc_feat_iff,
          uniq_edmund
D:5:      layout_rooms, portal_sewer_entry_d, cheibrodos_gnoll_hut
D:6:      layout_loops_ring, worldfamousw_hep_ancestral_shrine,
          minmay_temple_entry_poolview, nrook_pool_corridor, uniq_pikel,
          uniq_duvessa
D:7:      layout_loops_ring, mainiacjoe_overflow_24_doors, serial_shops,
          nicolae_shop_stone
D:8:      minmay_slanted_spiral_squares, layout_loops_ring,
          gammafunk_temple_overflow_pools, ebering_ghost_inner_flame,
          minmay_misc_feat_alley, uniq_erica, uniq_maggie, uniq_maurice
D:9:      layout_cave_pods, mainiacjoe_overflow_catwalk, dpeg_oklobed_lair
D:10:     layout_loops_ring
Lair:1:   layout_regular_city, beast_lair_carwin_1
Lair:2:   layout_small_grid, swamp_mist_pool, nicolae_volcano_entry_batcave,
          gammafunk_lair_bear_cave, infiniplex_staircase_pool, lemuel_fruit_tree

Skill      XL: |  1  2  3  4  5  6  7  8  9 10 11 |
---------------+----------------------------------+-----
Unarmed Combat | 4 5 6 8 9 11 | 11.0
Fighting       | 3 5 7 8 |  8.0
Armour         | 2 |  2.1
Dodging        | 3 5 6 |  6.0
Shields        | 5 7 |  7.2
Evocations     | 2 |  2.7
Stealth        | |  1.0

Action                   |  1- 3 |  4- 6 |  7- 9 | 10-12 || total
-------------------------+-------+-------+-------+-------++-------
Melee: Unarmed           |    90 |    99 |   297 |   234 ||   720
       Punch             |       |     2 |    16 |     4 ||    22
       Whip              |       |       |       |    10 ||    10
Throw: Dart              |     3 |       |    33 |    38 ||    74
       Javelin           |       |       |       |     1 ||     1
Invok: Sacrifice Love    |       |     1 |       |       ||     1
       Reject Sacrifices |       |       |     1 |       ||     1
  Use: Scroll            |       |     3 |     1 |     5 ||     9
       Potion            |       |     1 |     1 |     2 ||     4
 Stab: Sleeping          |     5 |     1 |     3 |       ||     9
       Distracted        |       |       |     2 |     2 ||     4
       Invisible         |       |       |       |     1 ||     1
       Petrified         |       |       |       |     5 ||     5
Armor: Robe              |    22 |    40 |    76 |     7 ||   145
       Steam dragon scal |       |       |       |    11 ||    11
       Acid dragon scale |       |       |       |    42 ||    42
Dodge: Dodged            |    46 |    49 |   148 |   122 ||   365
Block: Kite shield       |       |       |       |   127 ||   127
       Other             |       |       |       |     9 ||     9
       Reflection        |       |       |       |     4 ||     4

Table legend: (Time is in decaauts)
 A = Elapsed time spent in this place.
 B = Non-inter-level travel time spent in this place.
 C = Inter-level travel time spent in this place.
 D = Time resting spent in this place.
 E = Time spent auto-exploring this place.
 F = Levels seen in this place.
 G = Mean time per level.
                   A        B        C        D        E       F      G
               +--------+--------+--------+--------+--------+-----+--------+
         Total |   9560 |   9098 |    462 |    459 |   5729 |  13 |  735.4 |
       Dungeon |   8010 |   7569 |    441 |    340 |   4892 |  10 |  801.0 |
          Lair |   1049 |   1028 |     21 |    119 |    595 |   2 |  524.5 |
         Sewer |    500 |    500 |      0 |      0 |    241 |   1 |  500.0 |
               +--------+--------+--------+--------+--------+-----+--------+

Top non-repeatable levels by time:
     D:8: 1627 daAuts
     D:7: 930 daAuts
     D:9: 920 daAuts
     D:4: 855 daAuts
     D:6: 849 daAuts
  Lair:1: 830 daAuts
     D:3: 793 daAuts
     D:1: 762 daAuts
     D:5: 639 daAuts
     D:2: 505 daAuts
   Sewer: 500 daAuts
  Lair:2: 219 daAuts
    D:10: 126 daAuts
